[Event "CZE-ch U16 2020"]
[Site "Kouty nad Desnou"]
[Date "2020.03.07"]
[Round "1.1"]
[White "Vojta, Jakub"]
[Black "Hosnedl, Matyas"]
[Result "1-0"]
[ECO "B13"]
[WhiteElo "2214"]
[BlackElo "1977"]
[Annotator "ChessBase"]
[PlyCount "79"]
[EventDate "2020.03.07"]
[EventCountry "CZE"]
[SourceTitle "playchess.com"]
[Source "ChessBase"]
[SourceQuality "1"]
[TimeControl "5400+30"]

1. e4 c6 2. d4 d5 3. exd5 cxd5 4. Bd3 Nf6 5. c3 Qc7 6. h3 g6 7. Qc2 Nc6 8. Ne2 Bg7 9. Bf4 e5 10. dxe5 Nh5 11. Be3 Nxe5 12. Bb5+ Bd7 13. Bxd7+ Qxd7 14. O-O O-O 15. Nd2 Rfd8 16. Rad1 Rac8 17. Nb3 b5 18. a3 Nc4 19. Bd4 a5 20. Bxg7 Nxg7 21. Nf4 Qf5 22. Qxf5 Nxf5 23. g4 Ne7 24. Rfe1 Nc6 25. Re2 Nb6 26. Red2 a4 27. Nd4 Nxd4 28. Rxd4 Rc4 29. Rxc4 bxc4 30. g5 Kf8 31. f3 Ke7 32. Kf2 Kd6 33. h4 Re8 34. Ng2 h6 35. Rd4 hxg5 36. hxg5 Rh8 37. Rf4 f5 38. gxf6 Rf8 39. Ne3 Nd7 40. Rd4 1-0

[Event "CZE-ch U16 2020"]
[Site "Kouty nad Desnou"]
[Date "2020.03.07"]
[Round "1.2"]
[White "Habenicht, Martin"]
[Black "Frank, Adam"]
[Result "0-1"]
[ECO "A88"]
[WhiteElo "1970"]
[BlackElo "2196"]
[Annotator "ChessBase"]
[PlyCount "106"]
[EventDate "2020.03.07"]
[EventCountry "CZE"]
[SourceTitle "playchess.com"]
[Source "ChessBase"]
[SourceQuality "1"]
[TimeControl "5400+30"]

1. d4 d6 2. Nf3 g6 3. g3 Bg7 4. Bg2 f5 5. c4 Nf6 6. Nc3 O-O 7. O-O c6 8. d5 cxd5 9. cxd5 Na6 10. Be3 Bd7 11. Rc1 h6 12. Bd4 g5 13. a4 Qa5 14. Qb3 Nc5 15. Bxc5 Qxc5 16. Ne4 Qa5 17. Nxf6+ Bxf6 18. Qxb7 Bxa4 19. b4 Qb6 20. Qxb6 axb6 21. Nd2 Bb5 22. Nc4 Bxc4 23. Rxc4 Ra2 24. e3 Rb2 25. Rfc1 Ra8 26. Rc8+ Rxc8 27. Rxc8+ Kf7 28. Bf1 Rxb4 29. Bd3 f4 30. exf4 gxf4 31. Kg2 Rd4 32. Bc2 Rd2 33. Be4 fxg3 34. hxg3 b5 35. Rc2 Rd4 36. f3 b4 37. Rc1 b3 38. Kf2 b2 39. Re1 Be5 40. Bb1 Rd2+ 41. Ke3 Rg2 42. g4 Rh2 43. Rd1 Kf6 44. f4 Bc3 45. Kd3 Bb4 46. Ke3 Ba5 47. Be4 Bb6+ 48. Kd3 Rf2 49. Rh1 Rxf4 50. Rxh6+ Kg5 51. Rg6+ Kh4 52. Rh6+ Kxg4 53. Rg6+ Kh5 0-1

[Event "CZE-ch U16 2020"]
[Site "Kouty nad Desnou"]
[Date "2020.03.07"]
[Round "1.3"]
[White "Placer, Sebastian"]
[Black "Krizek, Krystof"]
[Result "1-0"]
[ECO "A18"]
[WhiteElo "2189"]
[BlackElo "1947"]
[Annotator "ChessBase"]
[PlyCount "85"]
[EventDate "2020.03.07"]
[EventCountry "CZE"]
[SourceTitle "playchess.com"]
[Source "ChessBase"]
[SourceQuality "1"]
[TimeControl "5400+30"]

1. c4 Nf6 2. Nc3 e6 3. e4 d5 4. e5 d4 5. exf6 dxc3 6. bxc3 Qxf6 7. d4 b6 8. Be2 Bb7 9. Bf3 Bxf3 10. Nxf3 Nd7 11. Qa4 Qd8 12. Qc6 Bd6 13. c5 bxc5 14. dxc5 Bxc5 15. Ne5 Rb8 16. Nxd7 Bxf2+ 17. Kxf2 Qxd7 18. Qxd7+ Kxd7 19. Ba3 Kc6 20. Rab1 Rxb1 21. Rxb1 Rd8 22. Ke2 Rd5 23. Bc1 Ra5 24. Rb2 Kd5 25. Kd3 e5 26. c4+ Ke6 27. Kc3 f5 28. Kb4 Ra6 29. Be3 f4 30. Bc5 Kf5 31. Kb5 Rh6 32. Bxa7 Rxh2 33. a4 Ke6 34. Bg1 Rh1 35. Bc5 e4 36. a5 e3 37. a6 Kd7 38. a7 Ra1 39. Bd4 c5 40. Bxc5 Kc8 41. Kc6 Ra6+ 42. Kd5 Kd7 43. Rb7+ 1-0

[Event "CZE-ch U16 2020"]
[Site "Kouty nad Desnou"]
[Date "2020.03.07"]
[Round "1.4"]
[White "Nezval, Filip"]
[Black "Kusa, Jakub"]
[Result "1/2-1/2"]
[ECO "D35"]
[WhiteElo "1940"]
[BlackElo "2188"]
[Annotator "ChessBase"]
[PlyCount "86"]
[EventDate "2020.03.07"]
[EventCountry "CZE"]
[SourceTitle "playchess.com"]
[Source "ChessBase"]
[SourceQuality "1"]
[TimeControl "5400+30"]

1. d4 Nf6 2. c4 e6 3. Nc3 d5 4. cxd5 exd5 5. Bg5 Be7 6. e3 c6 7. Bd3 Nbd7 8. Qc2 h6 9. Bh4 Nh5 10. Bxe7 Qxe7 11. Nf3 Nf4 12. Bf1 Nb6 13. Ne5 Nh5 14. Bd3 Nf6 15. O-O O-O 16. Rab1 a5 17. a3 Nbd7 18. Nxd7 Nxd7 19. Na4 Qd8 20. Rfc1 Re8 21. Bf5 Nb6 22. Nxb6 Bxf5 23. Qxf5 Qxb6 24. b4 axb4 25. axb4 Re6 26. Qc2 Rf6 27. g3 Qb5 28. Ra1 Re8 29. Qd2 b6 30. Ra7 h5 31. h4 g6 32. Rc2 Rfe6 33. Rb2 Re4 34. Ra3 Rc8 35. Qd3 Qxd3 36. Rxd3 Re7 37. Rc3 Rec7 38. Kf1 Kf8 39. Ke2 Ke7 40. Ra2 c5 41. bxc5 bxc5 42. dxc5 Rxc5 43. Rxc5 Rxc5 1/2-1/2

[Event "CZE-ch U16 2020"]
[Site "Kouty nad Desnou"]
[Date "2020.03.07"]
[Round "1.5"]
[White "Nytra, Ondrej"]
[Black "Volak, Simon"]
[Result "1-0"]
[ECO "B92"]
[WhiteElo "2181"]
[BlackElo "1937"]
[Annotator "ChessBase"]
[PlyCount "169"]
[EventDate "2020.03.07"]
[EventCountry "CZE"]
[SourceTitle "playchess.com"]
[Source "ChessBase"]
[SourceQuality "1"]
[TimeControl "5400+30"]

1. e4 c5 2. Nf3 d6 3. d4 cxd4 4. Nxd4 Nf6 5. Nc3 a6 6. Be2 e5 7. Nb3 Be7 8. O-O O-O 9. Kh1 Nbd7 10. Be3 Qc7 11. a4 b6 12. f3 Bb7 13. Rf2 Rfd8 14. Bf1 Nc5 15. Rd2 Rac8 16. Nc1 Ne6 17. N1a2 d5 18. exd5 Nd4 19. Bxd4 exd4 20. Rxd4 Qe5 21. f4 Qe3 22. d6 Rxd6 23. Rd3 Qxf4 24. Be2 Rcd8 25. Nc1 h6 26. Qg1 Ng4 27. Bxg4 Qxg4 28. Rg3 Qf5 29. Nd3 Bg5 30. Rf1 Qe6 31. Re1 Qf6 32. a5 bxa5 33. Nc5 Rb6 34. b3 Qc6 35. Rg4 Bc8 36. Rc4 Qg6 37. N3e4 Rb4 38. Rc3 Rbd4 39. Nxg5 hxg5 40. Nd3 f6 41. Rxc8 Rxd3 42. Qc5 Rd2 43. Rxd8+ Rxd8 44. Qxa5 Rd6 45. Qc7 f5 46. c4 Kh7 47. Qc8 Rc6 48. Qd8 Rd6 49. Qa8 Re6 50. Rd1 Rd6 51. Rc1 Qe6 52. Qf3 Kg6 53. Qc3 Qd7 54. Qe1 Re6 55. Qf1 Qc6 56. b4 Qb6 57. c5 Qc6 58. Qd3 Rf6 59. Rd1 Qa4 60. Rc1 Qc6 61. h3 Kh6 62. Re1 Kg6 63. Qc4 Kh7 64. Re7 f4 65. Qd3+ Kh6 66. Qd8 Kg6 67. Qg8 Kf5 68. Rxg7 Ke5 69. Rxg5+ Kd4 70. Qb3 Qe6 71. Qb2+ Kd3 72. Rg4 Rf5 73. Qb1+ Kc3 74. Kh2 Kd2 75. Qb2+ Kd3 76. Qc1 Qe5 77. c6 f3+ 78. Rg3 Ke2 79. Qc2+ Ke1 80. c7 f2 81. Qb1+ Ke2 82. Qd3+ Ke1 83. c8=Q f1=N+ 84. Kg1 Qf4 85. Qcc3+ 1-0

[Event "CZE-ch U16 2020"]
[Site "Kouty nad Desnou"]
[Date "2020.03.07"]
[Round "1.6"]
[White "Jares, Michal"]
[Black "Gnojek, Petr"]
[Result "1/2-1/2"]
[ECO "B09"]
[WhiteElo "1907"]
[BlackElo "2129"]
[Annotator "ChessBase"]
[PlyCount "89"]
[EventDate "2020.03.07"]
[EventCountry "CZE"]
[SourceTitle "playchess.com"]
[Source "ChessBase"]
[SourceQuality "1"]
[TimeControl "5400+30"]

1. e4 d6 2. d4 Nf6 3. Nc3 g6 4. f4 Bg7 5. Nf3 O-O 6. Bd3 Nc6 7. O-O e5 8. d5 Ne7 9. fxe5 dxe5 10. Nxe5 c6 11. Bg5 cxd5 12. Kh1 Qb6 13. Qf3 dxe4 14. Nxe4 Nxe4 15. Bxe7 Nd2 16. Nc4 Qe6 17. Nxd2 Qxe7 18. c3 Be6 19. Nb3 f5 20. Rae1 Qf7 21. Na5 Bd5 22. Qxd5 Qxd5 23. Bc4 Qxc4 24. Nxc4 Rad8 25. Kg1 b5 26. Na5 Rd6 27. Nb3 a5 28. Rd1 Rfd8 29. Rxd6 Rxd6 30. Nxa5 Ra6 31. Nb7 Rxa2 32. Rb1 Bf8 33. b4 Rc2 34. Rd1 Bh6 35. Rd5 Be3+ 36. Kf1 Rf2+ 37. Ke1 Rxg2 38. Rd3 Bf4 39. Nc5 Kf7 40. Rd7+ Kf6 41. Rxh7 Bd2+ 42. Kf1 Rg4 43. Rc7 Ke5 44. Nd3+ Kd6 45. Rc5 1/2-1/2

[Event "CZE-ch U16 2020"]
[Site "Kouty nad Desnou"]
[Date "2020.03.07"]
[Round "1.7"]
[White "Rokos, Filip"]
[Black "Vantuch, Lucian"]
[Result "0-1"]
[ECO "B43"]
[WhiteElo "2127"]
[BlackElo "1891"]
[Annotator "ChessBase"]
[PlyCount "98"]
[EventDate "2020.03.07"]
[EventCountry "CZE"]
[SourceTitle "playchess.com"]
[Source "ChessBase"]
[SourceQuality "1"]
[TimeControl "5400+30"]

1. e4 c5 2. Nf3 e6 3. d4 cxd4 4. Nxd4 a6 5. Nc3 Qc7 6. g3 b5 7. Bg2 Bb7 8. O-O d6 9. Re1 Be7 10. Qh5 Qc4 11. Nxe6 g6 12. Ng7+ Kf8 13. Qd1 Kxg7 14. Be3 Qc7 15. g4 h6 16. f4 Kh7 17. Nd5 Qc6 18. Bd4 f6 19. e5 dxe5 20. fxe5 fxe5 21. Rxe5 Bc5 22. Ne3 Bxd4 23. Bxc6 Nxc6 24. Qf3 Bxe5 25. Qf7+ Bg7 26. Qxb7 Re8 27. Nd5 Nd4 28. Rf1 Rd8 29. b3 Rd6 30. c4 g5 31. Rf7 Rg6 32. Kf2 Nc6 33. cxb5 axb5 34. Qxb5 Ne5 35. Rc7 Nxg4+ 36. Kg3 N4f6 37. a4 Nxd5 38. Qxd5 Nf6 39. Qf7 Ne4+ 40. Kg2 Rd8 41. Qf3 Rd2+ 42. Kg1 Nf2 43. Qc3 Ra2 44. Rf7 g4 45. Qc1 g3 46. hxg3 Rxg3+ 47. Kf1 Nh3 48. Rxg7+ Rxg7 49. Qb1+ Kg8 0-1

[Event "CZE-ch U16 2020"]
[Site "Kouty nad Desnou"]
[Date "2020.03.07"]
[Round "1.8"]
[White "Janouch, Jachym Stepan"]
[Black "Barak, David"]
[Result "1-0"]
[ECO "B23"]
[WhiteElo "1888"]
[BlackElo "2114"]
[Annotator "ChessBase"]
[PlyCount "79"]
[EventDate "2020.03.07"]
[EventCountry "CZE"]
[SourceTitle "playchess.com"]
[Source "ChessBase"]
[SourceQuality "1"]
[TimeControl "5400+30"]

1. e4 c5 2. Nc3 a6 3. Nf3 Nc6 4. d4 cxd4 5. Nxd4 e5 6. Nde2 Bc5 7. g3 Qb6 8. Be3 Bxe3 9. fxe3 Nf6 10. Qd2 Qxb2 11. Rb1 Qa3 12. Bg2 d6 13. O-O Be6 14. Nd5 Bxd5 15. exd5 Na5 16. Rb4 b5 17. g4 Nc4 18. Rxc4 bxc4 19. g5 Ng8 20. Ng3 Ne7 21. h4 Rb8 22. Qf2 O-O 23. Be4 f5 24. Bxf5 Nxf5 25. Nxf5 g6 26. Nh6+ Kg7 27. Nf7 h5 28. gxh6+ Kh7 29. Kh2 Qb2 30. h5 Rg8 31. Ng5+ Kxh6 32. hxg6 Rh8 33. Nf7+ Kg7+ 34. Kg3 e4 35. Nxh8 Rxh8 36. Qf7+ Kh6 37. Qf4+ Kg7 38. Qf7+ Kh6 39. Rh1+ Kg5 40. g7 1-0

[Event "CZE-ch U16 2020"]
[Site "Kouty nad Desnou"]
[Date "2020.03.07"]
[Round "1.9"]
[White "Jun, Rudolf Jr."]
[Black "Jirousek, Jan"]
[Result "1-0"]
[ECO "C48"]
[WhiteElo "2104"]
[BlackElo "1887"]
[Annotator "ChessBase"]
[PlyCount "135"]
[EventDate "2020.03.07"]
[EventCountry "CZE"]
[SourceTitle "playchess.com"]
[Source "ChessBase"]
[SourceQuality "1"]
[TimeControl "5400+30"]

1. e4 e5 2. Nf3 Nf6 3. Nc3 Nc6 4. Bb5 Bc5 5. O-O d6 6. d4 exd4 7. Nxd4 Bxd4 8. Qxd4 O-O 9. Bxc6 bxc6 10. Bg5 c5 11. Qd2 Bb7 12. Rfe1 Re8 13. f3 h6 14. Bh4 g5 15. Bf2 Kh7 16. Rad1 Qe7 17. Qd3 Kh8 18. Qd2 Kh7 19. Qd3 Kh8 20. b3 a5 21. a4 Nd7 22. Nd5 Bxd5 23. exd5 Ne5 24. Qf5 f6 25. f4 gxf4 26. Bh4 Rf8 27. Qxf4 Qg7 28. Rf1 f5 29. Be1 Qg5 30. Bc3 Qxf4 31. Rxf4 Kh7 32. Bxe5 dxe5 33. Rc4 e4 34. Rxc5 Rf7 35. Kf2 Ra6 36. g3 Kg6 37. Ke3 Kg5 38. Rf1 h5 39. Rf4 Kg6 40. Rf1 Kg5 41. Rc4 Rd7 42. Rd1 Kf6 43. Rc5 h4 44. Rf1 Rad6 45. Rxa5 hxg3 46. hxg3 Rg7 47. Kd4 Rxg3 48. Rc5 Rg7 49. a5 Rgd7 50. b4 c6 51. c4 cxd5 52. Rxd5 Rxd5+ 53. cxd5 Re7 54. a6 e3 55. d6 e2 56. Re1 Re8 57. d7 Rd8 58. Rxe2 Rxd7+ 59. Kc5 f4 60. Kc6 f3 61. Rf2 Ke6 62. Rxf3 Rd6+ 63. Kb5 Rd5+ 64. Ka4 Rd6 65. Ka5 Rd2 66. b5 Kd6 67. Kb6 Re2 68. Rd3+ {[%emt 0:00:15] Kd5} 1-0

[Event "CZE-ch U16 2020"]
[Site "Kouty nad Desnou"]
[Date "2020.03.07"]
[Round "1.10"]
[White "Blaha, Marek"]
[Black "Neumann, Filip"]
[Result "1/2-1/2"]
[ECO "B40"]
[WhiteElo "1836"]
[BlackElo "2084"]
[Annotator "ChessBase"]
[PlyCount "61"]
[EventDate "2020.03.07"]
[EventCountry "CZE"]
[SourceTitle "playchess.com"]
[Source "ChessBase"]
[SourceQuality "1"]
[TimeControl "5400+30"]

1. e4 c5 2. Nf3 e6 3. d4 cxd4 4. Nxd4 Nf6 5. Bd3 Nc6 6. Nb3 d5 7. exd5 Nxd5 8. O-O Bd6 9. N1d2 Ndb4 10. Nf3 Nxd3 11. Qxd3 Bc7 12. Qxd8+ Kxd8 13. Be3 b6 14. Rad1+ Ke7 15. c3 Ba6 16. Rfe1 h6 17. Nbd4 Nxd4 18. Nxd4 Bb7 19. Nf5+ Kf6 20. Rd7 Rac8 21. Bd4+ e5 22. Rxc7 Rxc7 23. Bxe5+ Kxf5 24. Bxc7 Bc6 25. f3 Re8 26. Rxe8 Bxe8 27. Bb8 a6 28. Ba7 b5 29. Bd4 g6 30. Kf2 h5 31. a3 1/2-1/2

[Event "CZE-ch U16 2020"]
[Site "Kouty nad Desnou"]
[Date "2020.03.07"]
[Round "1.11"]
[White "Mach, Petr"]
[Black "Vecera, Dominik"]
[Result "1-0"]
[ECO "B36"]
[WhiteElo "2045"]
[BlackElo "1814"]
[Annotator "ChessBase"]
[PlyCount "77"]
[EventDate "2020.03.07"]
[EventCountry "CZE"]
[SourceTitle "playchess.com"]
[Source "ChessBase"]
[SourceQuality "1"]
[TimeControl "5400+30"]

1. e4 c5 2. Nf3 g6 3. d4 cxd4 4. Nxd4 Nc6 5. c4 Nf6 6. Nc3 d6 7. f3 Nxd4 8. Qxd4 Bg7 9. Be3 O-O 10. Qd2 Be6 11. Rc1 Qa5 12. b3 Rfc8 13. g4 a6 14. Na4 Qxd2+ 15. Kxd2 Nd7 16. h4 Rc6 17. h5 Ne5 18. Be2 Rd8 19. Nc3 Rf8 20. Nd5 Bxd5 21. cxd5 Rcc8 22. Bg5 f6 23. Be3 f5 24. Rxc8 Rxc8 25. exf5 gxf5 26. gxf5 h6 27. Rg1 Kh8 28. f6 exf6 29. f4 Nf7 30. Bg4 Rf8 31. Bf5 Nd8 32. Rc1 Kg8 33. Rc7 Rf7 34. Rc8 Rf8 35. Bb6 Nf7 36. Rxf8+ Kxf8 37. Bc8 Ke7 38. Bxb7 f5 39. Bxa6 1-0

[Event "CZE-ch U16 2020"]
[Site "Kouty nad Desnou"]
[Date "2020.03.07"]
[Round "1.12"]
[White "Kolar, Jan"]
[Black "Ret, Adam Josef"]
[Result "1/2-1/2"]
[ECO "B07"]
[WhiteElo "1760"]
[BlackElo "1999"]
[Annotator "ChessBase"]
[PlyCount "60"]
[EventDate "2020.03.07"]
[EventCountry "CZE"]
[SourceTitle "playchess.com"]
[Source "ChessBase"]
[SourceQuality "1"]
[TimeControl "5400+30"]

1. e4 d6 2. d4 Nf6 3. Nc3 e5 4. Nge2 Nc6 5. f3 g6 6. Be3 Bg7 7. Qd2 exd4 8. Nxd4 Nxd4 9. Bxd4 Be6 10. O-O-O O-O 11. g4 Qe7 12. h4 h5 13. Nd5 Bxd5 14. exd5 Rac8 15. gxh5 Nxh5 16. Bh3 Rce8 17. Bg4 Bxd4 18. Qxd4 Qe3+ 19. Qxe3 Rxe3 20. Bxh5 gxh5 21. Rhg1+ Kh7 22. Rg5 Rxf3 23. Rxh5+ Kg6 24. Rg5+ Kf6 25. Rd4 Rh8 26. Rg2 Rh5 27. c3 Ke7 28. Kc2 Rff5 29. c4 Kd7 30. Re4 Re5 1/2-1/2

[Event "CZE-ch U16 2020"]
[Site "Kouty nad Desnou"]
[Date "2020.03.08"]
[Round "2.1"]
[White "Jun, Rudolf Jr."]
[Black "Vojta, Jakub"]
[Result "1/2-1/2"]
[ECO "B40"]
[WhiteElo "2104"]
[BlackElo "2214"]
[Annotator "ChessBase"]
[PlyCount "62"]
[EventDate "2020.03.07"]
[EventCountry "CZE"]
[SourceTitle "playchess.com"]
[Source "ChessBase"]
[SourceQuality "1"]
[TimeControl "5400+30"]

1. e4 c5 2. Nf3 e6 3. c4 Nc6 4. Nc3 Nd4 5. Be2 Ne7 6. O-O Nec6 7. d3 g6 8. Nxd4 Nxd4 9. Be3 Bg7 10. Rb1 O-O 11. a3 b6 12. Qd2 Re8 13. b4 d6 14. Kh1 Bb7 15. Bd1 Qe7 16. Re1 Rac8 17. Ba4 Bc6 18. Bxc6 Rxc6 19. Ne2 Nxe2 20. Qxe2 Rc7 21. Qd2 Qd7 22. Red1 Rec8 23. Qa2 Qe7 24. Re1 Re8 25. Qd2 Qd7 26. Qc2 Rec8 27. Qb3 Qc6 28. Rec1 Qd7 29. Re1 Qc6 30. Rec1 Qd7 31. Re1 Qc6 1/2-1/2

[Event "CZE-ch U16 2020"]
[Site "Kouty nad Desnou"]
[Date "2020.03.08"]
[Round "2.2"]
[White "Frank, Adam"]
[Black "Mach, Petr"]
[Result "1-0"]
[ECO "B92"]
[WhiteElo "2196"]
[BlackElo "2045"]
[Annotator "ChessBase"]
[PlyCount "43"]
[EventDate "2020.03.07"]
[EventCountry "CZE"]
[SourceTitle "playchess.com"]
[Source "ChessBase"]
[SourceQuality "1"]
[TimeControl "5400+30"]

1. e4 c5 2. Nf3 d6 3. d4 cxd4 4. Nxd4 Nf6 5. Nc3 a6 6. Be2 Nbd7 7. Bg5 h6 8. Bh4 g5 9. Bg3 e5 10. Nb3 b5 11. h4 Bb7 12. hxg5 Nxe4 13. Nxe4 Bxe4 14. Bf3 Bxf3 15. Qxf3 Rc8 16. O-O-O Qxg5+ 17. Kb1 Qd8 18. Rhe1 Bg7 19. Nd4 O-O 20. Nf5 Qf6 21. Bh4 Qg6 22. Ne7+ 1-0

[Event "CZE-ch U16 2020"]
[Site "Kouty nad Desnou"]
[Date "2020.03.08"]
[Round "2.3"]
[White "Vantuch, Lucian"]
[Black "Placer, Sebastian"]
[Result "1/2-1/2"]
[ECO "D00"]
[WhiteElo "1891"]
[BlackElo "2189"]
[Annotator "ChessBase"]
[PlyCount "111"]
[EventDate "2020.03.07"]
[EventCountry "CZE"]
[SourceTitle "playchess.com"]
[Source "ChessBase"]
[SourceQuality "1"]
[TimeControl "5400+30"]

1. d4 d5 2. Nd2 e6 3. e4 a6 4. Bd3 c5 5. c3 cxd4 6. cxd4 dxe4 7. Nxe4 Bb4+ 8. Nc3 Nc6 9. Nf3 Nf6 10. O-O O-O 11. Bc2 Be7 12. a3 b5 13. Re1 Bb7 14. Qd3 g6 15. Bg5 b4 16. Na4 Nd5 17. Bxe7 Ncxe7 18. Nc5 Bc6 19. Qd2 Kh8 20. axb4 Bb5 21. Qh6 Ng8 22. Qd2 Qb6 23. Ne5 Qd6 24. Ba4 Kg7 25. Ra3 Nc7 26. Ne4 Qe7 27. Rea1 Rfb8 28. Nc6 Bxc6 29. Bxc6 Ra7 30. Nc5 Rb6 31. b5 Nxb5 32. Bxb5 Rxb5 33. Rxa6 Rxa6 34. Rxa6 Nf6 35. h3 Nd5 36. Qe2 Rb6 37. Rxb6 Nxb6 38. Qe5+ Kh6 39. Ne4 Nd5 40. f4 f6 41. Qb8 Kg7 42. Nc5 h5 43. g3 Ne3 44. Qd8 Kf7 45. Qh8 Nf5 46. Ne4 Ng7 47. Qb8 Nf5 48. Qh8 Ng7 49. Qb8 Nf5 50. g4 hxg4 51. hxg4 Nxd4 52. Qh8 Ne2+ 53. Kf1 Nxf4 54. Qh7+ Ke8 55. Qh8+ Kf7 56. Qh7+ 1/2-1/2

[Event "CZE-ch U16 2020"]
[Site "Kouty nad Desnou"]
[Date "2020.03.08"]
[Round "2.4"]
[White "Janouch, Jachym Stepan"]
[Black "Nytra, Ondrej"]
[Result "0-1"]
[ECO "C44"]
[WhiteElo "1888"]
[BlackElo "2181"]
[Annotator "ChessBase"]
[PlyCount "62"]
[EventDate "2020.03.07"]
[EventCountry "CZE"]
[SourceTitle "playchess.com"]
[Source "ChessBase"]
[SourceQuality "1"]
[TimeControl "5400+30"]

1. e4 e5 2. Nf3 Nc6 3. d4 exd4 4. Nxd4 Nf6 5. Nxc6 bxc6 6. Bd3 d5 7. e5 Ng4 8. O-O Bc5 9. Bf4 g5 10. Bg3 h5 11. Be2 Qe7 12. Nd2 Be6 13. c4 Rd8 14. h3 h4 15. Bh2 Nxh2 16. Kxh2 dxc4 17. Qc2 g4 18. Ne4 gxh3 19. Nf6+ Kf8 20. gxh3 Rd4 21. f4 Rh6 22. Rg1 Rh8 23. Bf3 Rxf4 24. Qg2 Bxg1+ 25. Rxg1 Qd8 26. Bxc6 Rf5 27. Qe2 Rxf6 28. exf6 Qd6+ 29. Kh1 Qxc6+ 30. Rg2 Rg8 31. Qd2 Qxg2+ 0-1

[Event "CZE-ch U16 2020"]
[Site "Kouty nad Desnou"]
[Date "2020.03.08"]
[Round "2.5"]
[White "Kusa, Jakub"]
[Black "Jares, Michal"]
[Result "1-0"]
[ECO "B32"]
[WhiteElo "2188"]
[BlackElo "1907"]
[Annotator "ChessBase"]
[PlyCount "120"]
[EventDate "2020.03.07"]
[EventCountry "CZE"]
[SourceTitle "playchess.com"]
[Source "ChessBase"]
[SourceQuality "1"]
[TimeControl "5400+30"]

1. e4 c5 2. Nf3 Nc6 3. d4 cxd4 4. Nxd4 e5 5. Nb5 d6 6. c4 a6 7. N5c3 Nf6 8. Be2 h6 9. Be3 Be7 10. O-O O-O 11. Na3 Nd7 12. Nc2 Nc5 13. Qd2 Ne6 14. Rfd1 Bg5 15. Bxg5 hxg5 16. Qxd6 Ned4 17. Qxd8 Rxd8 18. Nxd4 Nxd4 19. Bd3 Be6 20. Kf1 Kf8 21. Ne2 Ke7 22. b3 Rac8 23. Nxd4 Rxd4 24. f3 Rcd8 25. Ke2 g4 26. Bc2 Rxd1 27. Rxd1 Rh8 28. Rh1 g3 29. h3 Rd8 30. Ke3 b6 31. Bd3 a5 32. Rc1 Kd6 33. f4 exf4+ 34. Kxf4 Kc5 35. Ke3 Kb4 36. Kd2 f5 37. Kc2 f4 38. Rf1 g5 39. Be2 Rd4 40. Bf3 Rd8 41. Re1 a4 42. e5 axb3+ 43. axb3 b5 44. Bd5 Bxd5 45. cxd5 Rxd5 46. e6 Rd8 47. Re5 Re8 48. Kd3 g4 49. hxg4 f3 50. gxf3 g2 51. Re1 Rxe6 52. Rg1 Kxb3 53. Rxg2 Rd6+ 54. Ke4 Kc3 55. g5 Re6+ 56. Kf5 Re8 57. g6 Rf8+ 58. Kg5 Kd4 59. g7 Rc8 60. Kf4 Rg8 1-0

[Event "CZE-ch U16 2020"]
[Site "Kouty nad Desnou"]
[Date "2020.03.08"]
[Round "2.7"]
[White "Neumann, Filip"]
[Black "Kolar, Jan"]
[Result "1-0"]
[ECO "A04"]
[WhiteElo "2084"]
[BlackElo "1760"]
[Annotator "ChessBase"]
[PlyCount "57"]
[EventDate "2020.03.07"]
[EventCountry "CZE"]
[SourceTitle "playchess.com"]
[Source "ChessBase"]
[SourceQuality "1"]
[TimeControl "5400+30"]

1. Nf3 c5 2. g3 b6 3. Bg2 Bb7 4. O-O Nf6 5. d3 d5 6. Nbd2 e6 7. e4 Nc6 8. Re1 Be7 9. c3 dxe4 10. dxe4 O-O 11. Qc2 Qc7 12. Nc4 Rad8 13. Bf4 Qc8 14. e5 Nd5 15. Ng5 g6 16. Ne4 Nxf4 17. gxf4 Qc7 18. Ncd6 Bxd6 19. Nxd6 Rxd6 20. exd6 Qxd6 21. Qa4 Qc7 22. Rad1 a6 23. Re3 b5 24. Qa3 b4 25. Qa4 Rc8 26. cxb4 Nxb4 27. Rd7 Qxf4 28. Rxb7 Qg4 29. Qd7 1-0

[Event "CZE-ch U16 2020"]
[Site "Kouty nad Desnou"]
[Date "2020.03.08"]
[Round "2.8"]
[White "Ret, Adam Josef"]
[Black "Blaha, Marek"]
[Result "1-0"]
[ECO "D00"]
[WhiteElo "1999"]
[BlackElo "1836"]
[Annotator "ChessBase"]
[PlyCount "53"]
[EventDate "2020.03.07"]
[EventCountry "CZE"]
[SourceTitle "playchess.com"]
[Source "ChessBase"]
[SourceQuality "1"]
[TimeControl "5400+30"]

1. d4 d5 2. Bf4 c5 3. e3 cxd4 4. exd4 Nc6 5. Nf3 Bf5 6. Bd3 Qd7 7. O-O Bxd3 8. Qxd3 Rc8 9. c3 e6 10. Nbd2 Nf6 11. c4 Bd6 12. Bg5 Be7 13. c5 O-O 14. Rfe1 h6 15. Bf4 Rfd8 16. a3 Ne4 17. b4 Nxd2 18. Qxd2 a6 19. a4 Na7 20. Ne5 Qe8 21. Ra3 Nc6 22. Bxh6 Nxe5 23. dxe5 Bf8 24. Rg3 g6 25. Bg5 Rd7 26. Bf6 Bg7 27. Rh3 1-0

[Event "CZE-ch U16 2020"]
[Site "Kouty nad Desnou"]
[Date "2020.03.08"]
[Round "2.9"]
[White "Krizek, Krystof"]
[Black "Rokos, Filip"]
[Result "1/2-1/2"]
[ECO "C07"]
[WhiteElo "1947"]
[BlackElo "2127"]
[Annotator "ChessBase"]
[PlyCount "82"]
[EventDate "2020.03.07"]
[EventCountry "CZE"]
[SourceTitle "playchess.com"]
[Source "ChessBase"]
[SourceQuality "1"]
[TimeControl "5400+30"]

1. e4 e6 2. d4 d5 3. Nd2 c5 4. Ngf3 cxd4 5. exd5 Qxd5 6. Bc4 Qd8 7. O-O Nc6 8. Nb3 a6 9. a4 Nf6 10. Nbxd4 Nxd4 11. Qxd4 Qxd4 12. Nxd4 Bc5 13. Nb3 Bd6 14. Be2 b6 15. Bf3 Rb8 16. Rd1 Ke7 17. Nd4 Bd7 18. Be3 Rhc8 19. c3 e5 20. Nc2 Be6 21. Bg5 Bb3 22. Rd2 Bxc2 23. Rxc2 h6 24. Be3 Bc5 25. Re2 Ke6 26. Rae1 Nd7 27. Bd4 Bxd4 28. cxd4 Rc4 29. dxe5 Rxa4 30. h3 Nc5 31. Rd2 Rb4 32. g3 Ke7 33. Bg4 Rd8 34. Red1 Rxd2 35. Rxd2 a5 36. Kg2 Rb3 37. Bd1 Rb4 38. f4 Re4 39. Bf3 Rb4 40. Bd1 Nb3 41. Rd3 Nc5 1/2-1/2

[Event "CZE-ch U16 2020"]
[Site "Kouty nad Desnou"]
[Date "2020.03.08"]
[Round "2.10"]
[White "Barak, David"]
[Black "Volak, Simon"]
[Result "1/2-1/2"]
[ECO "E91"]
[WhiteElo "2114"]
[BlackElo "1937"]
[Annotator "ChessBase"]
[PlyCount "96"]
[EventDate "2020.03.07"]
[EventCountry "CZE"]
[SourceTitle "playchess.com"]
[Source "ChessBase"]
[SourceQuality "1"]
[TimeControl "5400+30"]

1. d4 Nf6 2. c4 g6 3. Nc3 Bg7 4. e4 d6 5. Nf3 O-O 6. Be2 Na6 7. Qc2 Qe8 8. h3 e5 9. d5 Nh5 10. g3 f5 11. Nd2 Nf6 12. a3 Nc5 13. b4 Ncxe4 14. Ndxe4 fxe4 15. Be3 a5 16. Ra2 axb4 17. axb4 Rxa2 18. Qxa2 Bd7 19. g4 Qa8 20. Qb2 c6 21. Kd2 h6 22. Ra1 Qb8 23. Qa2 cxd5 24. cxd5 Rc8 25. Qa5 Qc7 26. Qxc7 Rxc7 27. Ra8+ Kf7 28. Rb8 Ke7 29. b5 Bf8 30. b6 Rxc3 31. Kxc3 Nxd5+ 32. Kd2 Bc6 33. Ba6 bxa6 34. b7 Bxb7 35. Rxb7+ Ke6 36. h4 Be7 37. h5 gxh5 38. gxh5 Nf6 39. Bxh6 Nxh5 40. Ra7 Nf6 41. Rxa6 Ng4 42. Be3 Kf5 43. Ra7 Bf6 44. Ra5 Bh4 45. Ke2 Nf6 46. Ra6 d5 47. Ra5 Bg5 48. Rb5 Bf4 1/2-1/2